[Event "Titled Tuesday Blitz May 16 Early 2023"]
[White "Torres Dominguez, David"]
[Black "Blokhin, Sofia"]
[WhiteFideId "2220857"]
[BlackFideId "4508190"]
[WhiteElo "1999"]
[BlackElo "1994"]
[Result "0-1"]
[Round "08"]
[TimeControl "180+2"]
[Date "2023.05.16"]
[WhiteClock "0:00:00"]
[BlackClock "0:00:44"]

1. e4 c5 2. Nc3 e6 3. Bc4 a6 4. a4 Nc6 5. d3 Nf6 6. f4 d5 7. exd5 exd5 8. Ba2 Be7 9. Nf3 O-O 10. O-O h6 11. Ne2 d4 12. Ng3 Bg4 13. Qe1 Re8 14. Qf2 Nb4 15. Bb3 b5 16. Ne5 Be6 17. Bxe6 fxe6 18. h3 Nfd5 19. Ne4 Rc8 20. c3 dxc3 21. bxc3 Nc6 22. Ng6 Bf6 23. axb5 axb5 24. f5 exf5 25. Qxf5 Nxc3 26. Ra6 Qd4+ 27. Kh1 Nxe4 28. dxe4 Qxe4 29. Qxc5 Nb8 30. Qxb5 Nxa6 31. Qxa6 Qxg6 32. Bb2 Rc2 33. Qb7 Rxb2 34. Qd5+ Kh7 35. Rd1 Rd8 0-1


[Site "https://www.chess.com"]

[Event "Titled Tuesday Blitz May 16 Early 2023"]
[White "Maluco_do_Natal_00"]
[Black "Rodriguez Santiago, Jaime"]
[BlackFideId "3100898"]
[WhiteElo "2029"]
[BlackElo "2025"]
[Result "0-1"]
[Round "08"]
[TimeControl "180+2"]
[Date "2023.05.16"]
[WhiteClock "0:00:00"]
[BlackClock "0:00:44"]

1. e4 c6 2. d4 d5 3. Nc3 dxe4 4. Nxe4 Nf6 5. Nxf6+ exf6 6. c3 Bd6 7. Qc2 O-O 8. Bd3 Re8+ 9. Ne2 h5 10. Be3 h4 11. h3 Nd7 12. O-O Nf8 13. c4 Bc7 14. c5 Be6 15. Rad1 Qd7 16. Nf4 Rad8 17. b4 Bb8 18. Nxe6 Nxe6 19. Bf5 Qc7 20. f4 Nxc5 21. dxc5 Rxe3 22. Rxd8+ Qxd8 23. Rd1 Qe8 24. Qf2 g6 25. Bg4 f5 26. Qxh4 Bc7 27. Bf3 Kg7 28. a4 Rb3 29. b5 Qe3+ 30. Qf2 Bxf4 31. bxc6 bxc6 32. Qxe3 Bxe3+ 33. Kf1 Bxc5 34. Bxc6 a5 35. Rd7 Rb2 36. Bd5 Kh6 37. Rxf7 Kg5 0-1


[Site "https://www.chess.com"]

[Event "Titled Tuesday Blitz May 16 Early 2023"]
[White "Afanasieva, Alexandra"]
[Black "stratacticos"]
[WhiteFideId "34126926"]
[WhiteElo "1745"]
[BlackElo "1895"]
[Result "0-1"]
[Round "08"]
[TimeControl "180+2"]
[Date "2023.05.16"]
[WhiteClock "0:00:14"]
[BlackClock "0:00:50"]

1. e4 c5 2. d4 cxd4 3. c3 dxc3 4. Nxc3 Nc6 5. Bc4 e6 6. Nf3 a6 7. Bg5 Be7 8. Bxe7 Ngxe7 9. h4 O-O 10. h5 h6 11. Qc2 d5 12. exd5 Nxd5 13. Nxd5 exd5 14. Bb3 Qa5+ 15. Kf1 Nb4 16. Qc3 Be6 17. Rh4 Rac8 18. Qxb4 Qd8 19. Rh1 b5 20. Qd2 Qf6 21. Qd4 Qe7 22. g3 a5 23. a3 a4 24. Ba2 Rc2 25. Bb1 Rc4 26. Qd3 f5 27. Kg2 Qf6 28. Re1 Re4 29. Ba2 Rd8 30. Nd4 Rxd4 31. Qxb5 Rd2 32. Rad1 Rxb2 33. Qa5 Kh7 34. Rxe6 Qxe6 35. Qxd8 Qe4+ 36. Kh2 Rxf2+ 37. Kh3 Qg4# 0-1


[Site "https://www.chess.com"]

[Event "Titled Tuesday Blitz May 16 Early 2023"]
[White "Sanchez, Robert"]
[Black "Clawitter, Craig"]
[WhiteFideId "2034360"]
[BlackFideId "2023105"]
[WhiteElo "1871"]
[BlackElo "2271"]
[Result "0-1"]
[Round "08"]
[TimeControl "180+2"]
[Date "2023.05.16"]
[WhiteClock "0:01:25"]
[BlackClock "0:00:26"]

1. e4 e6 2. d4 d5 3. Nc3 Bb4 4. e5 c5 5. Bd2 Nh6 6. Nf3 Nf5 7. dxc5 O-O 8. Bd3 Nh4 9. O-O Nd7 10. Bxh7+ Kxh7 11. Ng5+ Kg6 12. Qg4 Nxe5 13. Qxb4 f6 14. f4 Nc4 15. Nge4 dxe4 16. Qxc4 Qxd2 17. Qxe4+ f5 18. Qxf5+ 0-1


[Site "https://www.chess.com"]

[Event "Titled Tuesday Blitz May 16 Early 2023"]
[White "De Souza, Cristiano Gomes"]
[Black "Grossboss19"]
[WhiteFideId "2151758"]
[WhiteElo "2068"]
[BlackElo "2415"]
[Result "0-1"]
[Round "08"]
[TimeControl "180+2"]
[Date "2023.05.16"]
[WhiteClock "0:00:14"]
[BlackClock "0:00:09"]

1. d4 Nf6 2. c4 e6 3. Nf3 c5 4. d5 d6 5. Nc3 Be7 6. e4 O-O 7. h3 a6 8. Bd3 Nbd7 9. O-O Rb8 10. a4 h6 11. b3 Ne8 12. Bb2 Bf6 13. Qd2 Ne5 14. Nxe5 Bxe5 15. Ne2 Bxb2 16. Qxb2 e5 17. f4 f6 18. fxe5 fxe5 19. Ng3 Nf6 20. Rf2 Qe7 21. Raf1 Bd7 22. Qe2 Nh7 23. Rxf8+ Rxf8 24. Rxf8+ Nxf8 25. Qf3 Ng6 26. Nf5 Bxf5 27. Qxf5 Nf8 28. Be2 Qd7 29. Bg4 Qxf5 30. Bxf5 b6 31. a5 bxa5 32. Bc8 Kf7 33. Bxa6 Nd7 34. Kf2 Nb6 35. Bb5 Kf6 36. g4 h5 37. Kg3 hxg4 38. Kxg4 Nc8 39. h4 Ne7 40. h5 Ng8 41. Be8 Nh6+ 42. Kh4 Ng8 43. Kg4 Ke7 44. Bg6 Nf6+ 45. Kf5 Nd7 46. Kg5 Nb6 47. Bf5 Nxc4 48. Kg6 Kf8 49. Bd7 Nd2 50. Kf5 Ke7 51. Ba4 Nf3 52. Kg6 Kf8 53. Kf5 Kf7 54. Kg4 Nd4 55. Kg5 Nf3+ 56. Kf5 Nd2 57. Kg5 Nxe4+ 58. Kf5 Nc3 59. Kg5 Nxa4 60. bxa4 c4 61. Kg4 c3 62. Kf3 c2 63. Ke4 c1=Q 64. Kd3 Qg5 0-1


[Site "https://www.chess.com"]

[Event "Titled Tuesday Blitz May 16 Early 2023"]
[White "Prieto Aranguren, Alain"]
[Black "Yonal, Timur"]
[WhiteFideId "2268906"]
[BlackFideId "44115725"]
[WhiteElo "2209"]
[BlackElo "1966"]
[Result "1-0"]
[Round "08"]
[TimeControl "180+2"]
[Date "2023.05.16"]
[WhiteClock "0:00:09"]
[BlackClock "0:00:00"]

1. e4 c5 2. Bc4 e6 3. Qf3 Nc6 4. d3 Ne5 5. Qg3 Nxc4 6. dxc4 d6 7. Nc3 Nf6 8. Bg5 Be7 9. O-O-O e5 10. f3 Be6 11. b3 Qa5 12. Kb2 Nh5 13. Qh4 Bxg5 14. Qxg5 Nf4 15. Nge2 Nxe2 16. Nxe2 O-O 17. Rxd6 b5 18. cxb5 c4 19. Qxe5 Rac8 20. Ra6 Qd8 21. Nd4 c3+ 22. Ka1 Re8 23. Nxe6 fxe6 24. Rxe6 Rxe6 25. Qxe6+ Kh8 26. h4 Rb8 27. h5 h6 28. Qe5 Rc8 29. Kb1 Qf8 30. Qf5 Qd8 31. g4 Rb8 32. g5 Qa5 33. gxh6 Qa3 34. hxg7+ Kg8 35. Qe6+ Kh7 36. Qf5+ Kg8 37. Qd5+ Kh7 38. g8=Q+ Rxg8 39. Qf5+ Kh8 40. Qf6+ Rg7 41. Qxc3 Kh7 42. h6 Rd7 43. e5 a5 44. e6 Re7 45. Qd3+ Kh8 46. h7 Qb4 47. Qd8+ Kg7 48. h8=Q+ Kg6 49. Qdg8+ Kf5 50. Qh5+ Kf4 51. Qgg4+ Ke3 52. Qxb4 axb4 53. Qe5+ Kd2 54. Qf6 Rc7 55. e7 Rxc2 56. Qd6+ Ke2 57. Kxc2 1-0


[Site "https://www.chess.com"]

[Event "Titled Tuesday Blitz May 16 Early 2023"]
[White "KorolDimitriy75"]
[Black "ChawitAp"]
[WhiteElo "2470"]
[BlackElo "2213"]
[Result "1-0"]
[Round "08"]
[TimeControl "180+2"]
[Date "2023.05.16"]
[WhiteClock "0:00:42"]
[BlackClock "0:00:00"]

1. d4 d5 2. c4 c6 3. Nc3 Nf6 4. e3 a6 5. Nf3 Bf5 6. Bd3 Bxd3 7. Qxd3 Nbd7 8. O-O e6 9. e4 dxe4 10. Nxe4 Be7 11. Re1 O-O 12. Bf4 Nxe4 13. Qxe4 Bf6 14. Rad1 Qb6 15. b3 Rfd8 16. h3 Nf8 17. Be5 Bxe5 18. Nxe5 Ng6 19. Nxf7 Kxf7 20. Qxe6+ Kf8 21. Re3 Rxd4 22. Rf3+ Rf4 23. Rd7 Rxf3 24. gxf3 1-0


[Site "https://www.chess.com"]

[Event "Titled Tuesday Blitz May 16 Early 2023"]
[White "FunnyDuck66"]
[Black "Ziatdinov, Raset"]
[BlackFideId "2015323"]
[WhiteElo "2196"]
[BlackElo "2220"]
[Result "1-0"]
[Round "08"]
[TimeControl "180+2"]
[Date "2023.05.16"]
[WhiteClock "0:00:05"]
[BlackClock "0:00:14"]

1. d4 Nf6 2. Nf3 g6 3. Bg5 Bg7 4. Nbd2 h6 5. Bh4 O-O 6. c3 d6 7. e4 Nc6 8. Bd3 e5 9. dxe5 dxe5 10. Qc2 Be6 11. O-O g5 12. Bg3 Nh5 13. Rfe1 Nxg3 14. hxg3 Qe7 15. Nc4 Rad8 16. Ne3 Qf6 17. Bc4 Bc8 18. Rad1 Qg6 19. Nd5 Rd7 20. Rd2 Rfd8 21. Red1 g4 22. Nh4 Qg5 23. Nf5 Bf8 24. b4 Nb8 25. Nde3 Rxd2 26. Rxd2 Nc6 27. Rxd8 Nxd8 28. Qd1 h5 29. Qc2 Ne6 30. Qb3 c6 31. b5 Nc5 32. Bxf7+ Kh8 33. Qc4 cxb5 34. Qxb5 Qd8 35. Nh4 Kg7 36. Bd5 a6 37. Nef5+ Kh8 38. Qe2 Qg5 39. Bb3 Qc1+ 40. Kh2 Qxc3 41. Ng6+ Kh7 42. Nxf8+ Kh8 43. Ng6+ Kh7 44. Nge7 Nxb3 45. axb3 Be6 46. Qd1 Qc7 47. Qd2 Bxf5 48. Nxf5 Qc6 49. Qg5 Qe6 50. Qg7# 1-0


[Site "https://www.chess.com"]

[Event "Titled Tuesday Blitz May 16 Early 2023"]
[White "Guevara Sanchez, Erick Marvin"]
[Black "Papayan, Oleg"]
[WhiteFideId "6700136"]
[BlackFideId "4193911"]
[WhiteElo "2040"]
[BlackElo "2171"]
[Result "0-1"]
[Round "08"]
[TimeControl "180+2"]
[Date "2023.05.16"]
[WhiteClock "0:00:00"]
[BlackClock "0:00:10"]

1. e4 d5 2. exd5 Qxd5 3. Nc3 Qa5 4. g3 Nf6 5. Bg2 Bg4 6. f3 Bf5 7. Nge2 Nc6 8. O-O O-O-O 9. d3 e6 10. Be3 Bc5 11. Qd2 h5 12. a3 Qb6 13. Bf2 h4 14. g4 Bxg4 15. fxg4 Bxf2+ 16. Rxf2 Nxg4 17. Qf4 Nxf2 18. Qxf2 h3 19. Bh1 Rh6 20. Qxb6 cxb6 21. Kf2 Nd4 22. Nxd4 Rxd4 23. Nb5 Rf4+ 24. Ke3 Ra4 25. b3 Ra5 26. a4 a6 27. b4 Rxb5 28. axb5 axb5 29. Ra8+ Kc7 30. Re8 Kd6 31. Bxb7 Rg6 32. Be4 Rg1 33. Rb8 f5 34. Rxb6+ Ke7 35. Bf3 g5 36. Rxb5 g4 37. Be2 Rg2 38. Rb7+ Kf6 39. Rh7 Rxh2 40. b5 g3 41. b6 Rh1 42. Bf3 Re1+ 43. Kd2 g2 44. Kxe1 g1=Q+ 45. Kd2 Qf2+ 46. Be2 h2 47. b7 Qf4+ 48. Kd1 Qb8 49. Rxh2 Qxh2 50. Bf3 Qb8 51. Bg2 Ke5 52. Bf3 Kd4 53. Bg2 e5 54. Kd2 f4 55. c3+ Kc5 56. Be4 Qa7 57. Ke2 Kd6 58. c4 Qe3+ 59. Kd1 Kc7 60. Kc2 f3 61. Kd1 f2 62. Bg2 Qe1+ 63. Kc2 f1=Q 64. b8=Q+ Kxb8 65. Bxf1 Qxf1 66. Kc3 Qa1+ 67. Kd2 Kc7 68. Ke2 Qd4 69. Kd2 Kc6 70. Ke2 Kc5 71. Kd2 Kb4 72. Kc2 Qc3+ 73. Kb1 Qxd3+ 74. Ka2 Qb3+ 75. Ka1 Ka3 0-1


[Site "https://www.chess.com"]

[Event "Titled Tuesday Blitz May 16 Early 2023"]
[White "Ciuffoletti, Paolo"]
[Black "littlepillow2010"]
[WhiteFideId "807630"]
[WhiteElo "2143"]
[BlackElo "2314"]
[Result "0-1"]
[Round "08"]
[TimeControl "180+2"]
[Date "2023.05.16"]
[WhiteClock "0:00:01"]
[BlackClock "0:00:06"]

1. e4 c5 2. d4 cxd4 3. c3 Nf6 4. e5 Nd5 5. Qxd4 e6 6. Bc4 Nc6 7. Qe4 Nb6 8. Bb3 d5 9. exd6 Bxd6 10. Nf3 Bd7 11. O-O Qc7 12. a4 Ne7 13. a5 Nbd5 14. Na3 Bc6 15. Qg4 h5 16. Qxg7 Rg8 17. Qh7 Nxc3 18. bxc3 Bxf3 19. Ba4+ Kd8 20. g3 Bxg3 21. Qxg8+ Nxg8 22. hxg3 Ke7 23. Nb5 Qc4 24. Ba3+ Kf6 25. Bd6 Ne7 26. Rfe1 Nf5 27. Be5+ Kg6 28. Nd6 Nxd6 29. Bxd6 h4 30. Bc2+ Kg7 31. Be5+ Kg8 32. Bf4 hxg3 33. Bxg3 Qg4 34. Re3 Kg7 35. Rae1 Rh8 36. Rxf3 Qxf3 37. Bh2 Qg4+ 38. Bg3 Kf8 39. Be4 Rh3 40. Bg2 Rh5 41. Re3 Rc5 42. Rd3 Rc8 43. Bd6+ Ke8 44. Rg3 Qd1+ 45. Kh2 Qxd6 46. Kg1 Qxg3 47. fxg3 Rxc3 48. Bxb7 Rxg3+ 49. Kf2 Ra3 50. a6 Ke7 0-1


[Site "https://www.chess.com"]

[Event "Titled Tuesday Blitz May 16 Early 2023"]
[White "Lakshmi C"]
[Black "Barbot, Pierre"]
[WhiteFideId "25035347"]
[BlackFideId "663727"]
[WhiteElo "1942"]
[BlackElo "2431"]
[Result "0-1"]
[Round "08"]
[TimeControl "180+2"]
[Date "2023.05.16"]
[WhiteClock "0:00:03"]
[BlackClock "0:00:20"]

1. e4 c6 2. f4 d5 3. Nc3 dxe4 4. Nxe4 Nf6 5. Ng3 h5 6. Nf3 h4 7. Ne2 h3 8. d4 Bg4 9. Qd3 Qd5 10. c4 Qh5 11. Ne5 hxg2 12. Bxg2 Bf5 13. Qb3 Nbd7 14. Ng3 Qh4 15. Qxb7 Rb8 16. Qxc6 e6 17. Nf3 Bb4+ 18. Bd2 Bxd2+ 19. Kxd2 Qxf4+ 20. Ke1 Qe3+ 21. Kf1 Bd3+ 22. Ne2 Bxe2+ 23. Ke1 Bxf3+ 24. Kf1 Qe2+ 25. Kg1 Qxg2# 0-1


[Site "https://www.chess.com"]

[Event "Titled Tuesday Blitz May 16 Early 2023"]
[White "lluiss"]
[Black "Kriti Mayur Patel"]
[BlackFideId "35061780"]
[WhiteElo "2276"]
[BlackElo "1306"]
[Result "1-0"]
[Round "08"]
[TimeControl "180+2"]
[Date "2023.05.16"]
[WhiteClock "0:01:04"]
[BlackClock "0:01:40"]

1. Nf3 b6 2. e4 Bb7 3. Nc3 g6 4. d4 Bg7 5. Bd3 e6 6. O-O Ne7 7. Be3 O-O 8. Qd2 f5 9. Bh6 fxe4 10. Nxe4 Nf5 11. Bxg7 Kxg7 12. c3 d6 13. Rae1 Nd7 14. Neg5 Qf6 15. Rxe6 Qd8 16. Rxd6 Nxd6 17. Ne6+ Kg8 18. Nxd8 Raxd8 19. Ng5 Nf6 20. Ne6 Kf7 21. Nxd8+ Rxd8 22. Bc2 Nde4 23. Qf4 Nd6 24. Re1 Kg7 25. f3 Nh5 26. Qe5+ Kh6 27. Kf2 Rf8 28. Qe7 Rf7 29. Qh4 Kg7 30. Re7 Nf6 31. Rxf7+ Kxf7 32. Qf4 Ke6 33. g4 Nd5 34. Qh6 Nf6 35. Bb3+ Ke7 36. Qg7+ Kd8 37. Qxf6+ Kc8 38. Qh8+ Kd7 39. Qxh7+ Kc6 40. Qxg6 Kb5 41. h4 c5 42. h5 c4 43. Bc2 a5 44. h6 a4 45. a3 Ka5 46. h7 b5 47. Qxd6 b4 48. Qxb4+ Ka6 49. Qxb7+ Ka5 50. Qb4+ Ka6 51. h8=Q Ka7 52. Qg7+ Ka6 53. Qd6+ Kb5 54. Qge5# 1-0


[Site "https://www.chess.com"]

[Event "Titled Tuesday Blitz May 16 Early 2023"]
[White "Grabinsky, Vladimir"]
[Black "Castillo Pena, Patricia Evarista"]
[WhiteFideId "14107074"]
[BlackFideId "6412106"]
[WhiteElo "2027"]
[BlackElo "1919"]
[Result "1-0"]
[Round "08"]
[TimeControl "180+2"]
[Date "2023.05.16"]
[WhiteClock "0:02:29"]
[BlackClock "0:02:11"]

1. e4 c5 2. b4 cxb4 3. a3 Nc6 4. axb4 Nxb4 5. c3 Nc6 6. d4 e6 7. Bd3 d5 8. e5 Nge7 9. h4 h5 10. Nh3 Nf5 11. Bg5 Qc7 12. Bxf5 exf5 13. Nf4 g6 14. Nxd5 Qd7 15. Nf6+ 1-0


[Site "https://www.chess.com"]

[Event "Titled Tuesday Blitz May 16 Early 2023"]
[White "rionelG"]
[Black "Lohani, Sujana"]
[BlackFideId "12311987"]
[WhiteElo "2218"]
[BlackElo "1718"]
[Result "1-0"]
[Round "08"]
[TimeControl "180+2"]
[Date "2023.05.16"]
[WhiteClock "0:01:20"]
[BlackClock "0:00:07"]

1. e4 g6 2. d4 Bg7 3. Nc3 d6 4. Bg5 c6 5. Qd2 b5 6. O-O-O b4 7. Nce2 Qa5 8. Kb1 Be6 9. Nc1 h6 10. Bf4 Nf6 11. f3 Na6 12. h4 h5 13. Nh3 Rb8 14. Ng5 Bd7 15. Bc4 O-O 16. e5 dxe5 17. dxe5 Nd5 18. Bxd5 cxd5 19. e6 Bxe6 20. Bxb8 Rxb8 21. Nxe6 fxe6 22. g4 Qa3 23. bxa3 bxa3+ 24. Nb3 Nc5 25. Qa5 Nd7 26. Qxa7 1-0


[Site "https://www.chess.com"]

[Event "Titled Tuesday Blitz May 16 Early 2023"]
[White "Pein, Jonathan"]
[Black "Vargas Rodriguez, Wilver"]
[WhiteFideId "417092"]
[BlackFideId "3509672"]
[WhiteElo "2151"]
[BlackElo "2246"]
[Result "1-0"]
[Round "08"]
[TimeControl "180+2"]
[Date "2023.05.16"]
[WhiteClock "0:02:03"]
[BlackClock "0:00:22"]

1. e4 c5 2. Nf3 d6 3. c3 Nf6 4. Be2 g6 5. O-O Bg7 6. h3 O-O 7. d3 Nc6 8. Re1 Rb8 9. a4 a6 10. Na3 b5 11. axb5 axb5 12. Nc2 b4 13. Bg5 h6 14. Be3 Kh7 15. Qd2 bxc3 16. bxc3 Rb2 17. Bf1 Qb6 18. Red1 Qb3 19. Nfe1 Nd7 20. d4 Bb7 21. Ra3 Qxa3 22. Nxa3 Rxd2 23. Rxd2 Ra8 24. Nc4 Ra3 25. Nxa3 1-0


[Site "https://www.chess.com"]

[Event "Titled Tuesday Blitz May 16 Early 2023"]
[White "NtcPou"]
[Black "Benaddi, Mouhcine"]
[BlackFideId "9001050"]
[WhiteElo "2022"]
[BlackElo "2036"]
[Result "0-1"]
[Round "08"]
[TimeControl "180+2"]
[Date "2023.05.16"]
[WhiteClock "0:00:00"]
[BlackClock "0:00:29"]

1. e4 Nf6 2. e5 Nd5 3. d4 d6 4. Nf3 Bg4 5. c4 Nb6 6. Be2 e6 7. exd6 cxd6 8. Nc3 Nc6 9. b3 Be7 10. h3 Bf5 11. a3 O-O 12. O-O e5 13. d5 Nb8 14. Bd3 Bxd3 15. Qxd3 N8d7 16. b4 Rc8 17. Nd2 Qc7 18. Nb5 Qb8 19. a4 a6 20. Nc3 Qc7 21. Nce4 Nxc4 22. Ba3 Nxd2 23. Nxd2 Qc2 24. Qe2 Qxa4 25. Ne4 f5 26. Nd2 Rc2 27. Rfc1 Rfc8 28. Rxc2 Rxc2 29. Qd3 e4 30. Qe3 Bf6 31. Bb2 Qxa1+ 32. Bxa1 Rc1+ 33. Kh2 Rxa1 0-1


[Site "https://www.chess.com"]

[Event "Titled Tuesday Blitz May 16 Early 2023"]
[White "Maghsoodloo, Parham"]
[Black "Le, Tuan Minh"]
[WhiteFideId "12539929"]
[BlackFideId "12401153"]
[WhiteElo "2655"]
[BlackElo "2566"]
[Result "1-0"]
[Round "09"]
[TimeControl "180+2"]
[Date "2023.05.16"]
[WhiteClock "0:00:36"]
[BlackClock "0:00:13"]

1. d4 d5 2. c4 c6 3. Nf3 Nf6 4. e3 Bf5 5. Nc3 e6 6. Nh4 Be4 7. f3 Bg6 8. Qb3 Qc7 9. Bd2 Be7 10. Rc1 Nbd7 11. cxd5 exd5 12. Nxg6 hxg6 13. g3 Nb6 14. Kf2 Qd7 15. Bd3 Bd6 16. h4 O-O 17. Ne2 Rae8 18. g4 Re7 19. Qc2 Rfe8 20. b3 Nc8 21. Rcg1 Ne4+ 22. Bxe4 dxe4 23. f4 Nb6 24. h5 Nd5 25. hxg6 fxg6 26. Nc3 Bxf4 27. Nxd5 cxd5 28. exf4 e3+ 29. Bxe3 Rxe3 30. Qxg6 Re2+ 31. Kg3 R8e3+ 32. Kh4 Re6 33. Qf5 Rh6+ 34. Kg3 Qxf5 35. gxf5 Rxh1 36. Rxh1 Rxa2 37. Rc1 Rb2 38. Rc8+ Kh7 39. Rc3 a5 40. Kg4 Kh6 41. Rh3# 1-0


[Site "https://www.chess.com"]

[Event "Titled Tuesday Blitz May 16 Early 2023"]
[White "Durarbayli, Vasif"]
[Black "Lenderman, Aleksandr"]
[WhiteFideId "13402935"]
[BlackFideId "2021285"]
[WhiteElo "2551"]
[BlackElo "2607"]
[Result "0-1"]
[Round "09"]
[TimeControl "180+2"]
[Date "2023.05.16"]
[WhiteClock "0:00:03"]
[BlackClock "0:01:20"]

1. e4 e6 2. d4 d5 3. e5 c5 4. c3 Ne7 5. Bd3 cxd4 6. cxd4 Nec6 7. Ne2 Nb4 8. Bb5+ Bd7 9. Bxd7+ Qxd7 10. O-O Be7 11. Nbc3 O-O 12. f4 N8c6 13. a3 Na6 14. b4 Nc7 15. Qd3 f5 16. Be3 b5 17. Rfc1 Rab8 18. Nb1 Rfc8 19. Ra2 Na8 20. Nd2 Nb6 21. Nb3 Nc4 22. Bd2 a5 23. Nc5 Bxc5 24. dxc5 Ra8 25. Raa1 d4 26. Be1 Qd5 27. a4 Ne3 28. Qxe3 dxe3 29. axb5 Nxb4 30. Bxb4 axb4 31. Rxa8 Rxa8 32. c6 Qxb5 33. Nd4 0-1


[Site "https://www.chess.com"]

[Event "Titled Tuesday Blitz May 16 Early 2023"]
[White "Van Foreest, Jorden"]
[Black "Nakamura, Hikaru"]
[WhiteFideId "1039784"]
[BlackFideId "2016192"]
[WhiteElo "2633"]
[BlackElo "2885"]
[Result "0-1"]
[Round "09"]
[TimeControl "180+2"]
[Date "2023.05.16"]
[WhiteClock "0:00:00"]
[BlackClock "0:00:06"]

1. e4 e5 2. Nf3 Nc6 3. Bc4 Nf6 4. d3 Bc5 5. Nc3 h6 6. Be3 Bb6 7. O-O d6 8. a4 O-O 9. h3 Ba5 10. Bd2 Bxc3 11. bxc3 Be6 12. Bxe6 fxe6 13. a5 Qe8 14. c4 Qh5 15. Be3 Rf7 16. Nh2 Qg6 17. Nf3 Raf8 18. Bd2 Nxe4 19. Nh4 Qf6 20. dxe4 Qxh4 21. f3 Ne7 22. Be3 b6 23. axb6 axb6 24. Ra7 Ng6 25. Qe2 Qd8 26. Rfa1 Qe8 27. Rb7 Qc6 28. Raa7 Nf4 29. Bxf4 exf4 30. Kh2 Qc5 31. Qd3 Kh8 32. c3 h5 33. Qd4 Qg5 34. Qf2 Qd8 35. e5 dxe5 36. Qe2 Qg5 37. Kg1 Rd8 38. Ra1 Rfd7 39. Re1 Rd2 40. Qf1 e4 41. Rxe4 Qg3 42. Re1 Rxg2+ 43. Qxg2 Qxe1+ 44. Qf1 Qg3+ 0-1


[Site "https://www.chess.com"]

[Event "Titled Tuesday Blitz May 16 Early 2023"]
[White "Zakhartsov, Vladimir"]
[Black "Erigaisi Arjun"]
[WhiteFideId "4145097"]
[BlackFideId "35009192"]
[WhiteElo "2495"]
[BlackElo "2719"]
[Result "1-0"]
[Round "09"]
[TimeControl "180+2"]
[Date "2023.05.16"]
[WhiteClock "0:00:13"]
[BlackClock "0:00:04"]

1. e4 e6 2. d4 d5 3. Nd2 Nf6 4. Bd3 c5 5. e5 Nfd7 6. c3 Nc6 7. Ne2 cxd4 8. cxd4 f6 9. exf6 Nxf6 10. Nf3 Bd6 11. O-O Qc7 12. Bg5 O-O 13. Bh4 Nh5 14. Qc2 h6 15. Bh7+ Kh8 16. Bg6 Rxf3 17. Bxh5 Bxh2+ 18. Kh1 Rf5 19. Bg6 Bd6 20. Bxf5 exf5 21. f4 Qf7 22. Kg1 Bd7 23. Rae1 Re8 24. Nc3 Rg8 25. Qd3 g5 26. Bg3 Qg6 27. Re2 Nb4 28. Qe3 g4 29. Bh4 Qf7 30. Be7 Re8 31. Bxd6 Rxe3 32. Rxe3 Nc6 33. Rfe1 Kg8 34. b4 a6 35. a4 Qg6 36. Bc5 b6 37. Bxb6 Nxb4 38. Bc5 a5 39. Re7 Nd3 40. R1e3 Nxc5 41. dxc5 d4 42. Rd3 Be8 43. Rxd4 Kf8 44. Re5 g3 45. Rd8 Qh5 46. Rdxe8+ Kg7 47. R5e7+ Kg6 48. Rg8+ Kf6 49. Nd5# 1-0


[Site "https://www.chess.com"]

[Event "Titled Tuesday Blitz May 16 Early 2023"]
[White "Dubov, Daniil"]
[Black "Kovalenko, Igor"]
[WhiteFideId "24126055"]
[BlackFideId "14117908"]
[WhiteElo "2793"]
[BlackElo "2574"]
[Result "1/2-1/2"]
[Round "09"]
[TimeControl "180+2"]
[Date "2023.05.16"]
[WhiteClock "0:00:02"]
[BlackClock "0:00:07"]

1. d4 Nf6 2. c4 e6 3. Nc3 Bb4 4. e3 b6 5. Bd3 Bb7 6. Ne2 O-O 7. O-O d5 8. cxd5 exd5 9. Bd2 Re8 10. Rc1 Bf8 11. Ng3 Nbd7 12. Qf3 g6 13. Rfe1 c5 14. Bb5 Re6 15. Nge2 a6 16. Bd3 c4 17. Bxc4 Ne4 18. Nxe4 dxc4 19. Nf6+ Nxf6 20. Qxb7 Ne4 21. Nf4 Re7 22. Qc6 Nxd2 23. Re2 Rc7 24. Qd5 Rd7 25. Qc6 Rc8 26. Qa4 Ne4 27. Qxa6 Nd6 28. Qa4 b5 29. Qd1 Nf5 30. Rec2 Bd6 31. Ne2 Ra8 32. a3 Qh4 33. g3 Qe4 34. Nc3 Qb7 35. Qf1 Bf8 36. Rb1 Nd6 37. b3 cxb3 38. Rxb3 Qa6 39. Nd5 Nc4 40. Qg2 Rad8 41. Nc3 Nxa3 42. Ra2 b4 43. Ne4 f5 44. Nd2 Qe6 45. h4 Rc7 46. Rab2 Rdc8 47. Kh2 Qc6 48. d5 Qd6 49. Rd3 Rc3 50. Rd4 Nb5 51. Rdxb4 Qxb4 52. Rxb4 Bxb4 53. d6 Nxd6 54. Qd5+ Nf7 55. Nf3 R3c7 56. Ng5 Bf8 57. Ne6 Re7 58. h5 Rce8 59. Nf4 Kg7 60. Qd4+ Ne5 61. Kg2 Rd7 62. Qc3 Kf7 63. Qb3+ Kf6 64. Nd5+ Kg7 65. Qb5 Rxd5 66. Qxd5 gxh5 67. Kh3 Kg6 68. Qb5 Re7 69. Qb6+ Kg7 70. Qd6 Ng4 71. Qd4+ Nf6 72. Qd3 Kg6 73. Kg2 Bh6 74. Qc4 Bg7 75. Qc6 Re4 76. Qc2 h4 77. f3 Rxe3 78. g4 Re5 79. Kh3 h5 80. gxh5+ Kxh5 81. Qc7 Ne8 82. Qf7+ Kg5 83. Qc4 f4 84. Qc8 Bf6 85. Qg4+ Kh6 86. Qg8 Ng7 87. Qf7 Rf5 88. Qd7 Bg5 89. Kg4 Bf6 90. Qd3 Kg6 91. Qe4 Bg5 92. Qc6+ Bf6 93. Qe4 Kh6 94. Qc6 Rg5+ 95. Kh3 Rg3+ 96. Kh2 Nh5 97. Qe6 h3 98. Qe4 Kg5 99. Qd5+ Kh4 100. Kh1 Rg2 101. Qxh5+ Kxh5 1/2-1/2


[Site "https://www.chess.com"]

[Event "Titled Tuesday Blitz May 16 Early 2023"]
[White "Mamedyarov, Shakhriyar"]
[Black "Swiercz, Dariusz"]
[WhiteFideId "13401319"]
[BlackFideId "1126881"]
[WhiteElo "2704"]
[BlackElo "2620"]
[Result "1-0"]
[Round "09"]
[TimeControl "180+2"]
[Date "2023.05.16"]
[WhiteClock "0:01:05"]
[BlackClock "0:00:00"]

1. d4 Nf6 2. c4 e6 3. Nc3 d5 4. cxd5 Nxd5 5. e4 Nxc3 6. bxc3 c5 7. Rb1 Be7 8. Bb5+ Bd7 9. Bd3 Bc6 10. Nf3 Nd7 11. O-O O-O 12. d5 exd5 13. exd5 Bxd5 14. Bxh7+ Kxh7 15. Qxd5 Nb6 16. Qxb7 Bf6 17. Be3 Kg8 18. Bxc5 Qc8 19. Qxc8 Rfxc8 20. Bd4 Bxd4 21. cxd4 Rc2 22. a3 Rac8 23. h4 f6 24. Rb3 Nd5 25. g3 Ra2 26. h5 Rc3 27. Rb8+ Kf7 28. Nh4 Rcc2 29. Rb7+ Rc7 30. Rfb1 Ke6 31. Re1+ Kd7 32. Rb8 Nc3 33. Nf5 Rxa3 34. Rg8 Kc6 35. Rxg7 Rxg7 36. Nxg7 1-0


[Site "https://www.chess.com"]

[Event "Titled Tuesday Blitz May 16 Early 2023"]
[White "Andreikin, Dmitry"]
[Black "Ivic, Velimir"]
[WhiteFideId "4158814"]
[BlackFideId "950122"]
[WhiteElo "2736"]
[BlackElo "2563"]
[Result "1-0"]
[Round "09"]
[TimeControl "180+2"]
[Date "2023.05.16"]
[WhiteClock "0:00:57"]
[BlackClock "0:00:00"]

1. Nf3 Nf6 2. c4 g6 3. b4 Bg7 4. Bb2 O-O 5. g3 Nc6 6. a3 d6 7. Bg2 e5 8. d3 h6 9. O-O Be6 10. Nc3 Qd7 11. Re1 Bh3 12. Bh1 Ng4 13. b5 Ne7 14. Nd2 c6 15. a4 f5 16. bxc6 bxc6 17. Rb1 f4 18. Nf3 Nf5 19. Ba3 g5 20. Ne4 d5 21. cxd5 cxd5 22. Qb3 Rfd8 23. Nexg5 hxg5 24. Nxg5 Nd4 25. Qb7 Nf6 26. Be7 Qxb7 27. Rxb7 Re8 28. Nxh3 1-0


[Site "https://www.chess.com"]